 Dungeon Crawl Stone Soup version 0.27.1-33-g824d729ab1 (webtiles) character file.

Game seed: 6481385085520144909

14260 Sharkman1231 the Reanimator (level 11, -26/90 HPs)
             Began as a Demonspawn Wanderer on Dec 18, 2021.
             Was a High Priest of Okawaru.
             Annihilated by a boulder beetle (52 damage)
             ... on level 1 of the Lair of Beasts on Dec 19, 2021.
             The game lasted 00:19:20 (19522 turns).

Sharkman1231 the Reanimator (Demonspawn Wanderer)  Turns: 19522, Time: 00:19:21

Health: -26/90     AC: 14    Str: 13    XL:     11   Next: 86%
Magic:  15/15      EV: 15    Int: 18    God:    Okawaru [*****.]
Gold:   1415       SH: 10    Dex: 21    Spells: 9/10 levels left

rFire    . . .     SeeInvis .   a - +2 whip (pain)
rCold    . . .     Faith    .   m - +0 kite shield
rNeg     . . .     Spirit   .   e - +0 acid dragon scales
rPois    .         Reflect  .   (helmet restricted)
rElec    .         Harm     .   o - +1 cloak
rCorr    +         Rampage  .   f - +0 pair of gloves
Will     .....                  i - +0 pair of boots
Stlth    ++........             C - amulet of magic regeneration
HPRegen  0.25/turn              q - +6 ring of dexterity
MPRegen  0.39/turn              H - +4 ring of protection

@: no status effects
A: horns 2, demonic guardian 3, big brain 2
a: Renounce Religion, Heroism, Finesse


You were on level 1 of the Lair of Beasts.
You worshipped Okawaru.
Okawaru was extremely pleased with you.
You visited 4 branches of the dungeon, and saw 15 of its levels.

You collected 1463 gold pieces.
You spent 48 gold pieces at shops.

Inventory:

Hand Weapons
 a - a +2 whip of pain (weapon)
 j - a +2 spear of venom
 A - a +0 whip of draining
Missiles
 N - a throwing net
Armour
 e - +0 acid dragon scales (worn)
 f - a +0 pair of gloves (worn)
 i - a +0 pair of boots (worn)
 m - a +0 kite shield (worn)
 o - a +1 cloak (worn)
 B - a scarf of repulsion
Jewellery
 q - a +6 ring of dexterity (left hand)
 C - an amulet of magic regeneration (around neck)
 H - a +4 ring of protection (right hand)
Wands
 v - a wand of paralysis (8)
 E - a wand of polymorph (8)
 G - a wand of mindburst (13)
 I - a wand of flame (23)
 M - a wand of acid (7)
Scrolls
 c - 2 scrolls of magic mapping {unknown}
 h - a scroll of enchant weapon {unknown}
 k - 3 scrolls of vulnerability
 r - a scroll of enchant armour
 s - 2 scrolls of amnesia
 t - 5 scrolls of fear
 u - a scroll of blinking
 w - a scroll of immolation
 y - 2 scrolls of teleportation
 D - 2 scrolls of fog
Potions
 b - 5 potions of haste
 g - 4 potions of flight
 l - 3 potions of curing
 n - 5 potions of brilliance
 p - a potion of berserk rage
 x - 4 potions of might
 z - a potion of cancellation
 F - 7 potions of lignification
 J - 2 potions of magic {unknown}
 K - a potion of ambrosia {unknown}
 L - a potion of experience {unknown}
Miscellaneous
 d - a piece from Xom's chessboard (15/15) (quivered)


   Skills:
 - Level 10.0 Fighting
 - Level 1.2(1.4) Short Blades
 - Level 1.0(1.2) Long Blades
 + Level 7.5 Maces & Flails
 - Level 8.0 Dodging
 - Level 1.0 Stealth
 + Level 5.3 Shields
 - Level 11.0 Necromancy
 - Level 6.0 Invocations
 - Level 1.0 Evocations


You had 9 spell levels left.
You knew the following spells:

 Your Spells              Type           Power      Damage    Failure   Level
a - Pain                  Necr           100%       1d9       1%          1

Your spell library contained the following spells:

 Spells                   Type           Power      Damage    Failure   Level
 Animate Skeleton         Necr           78%        N/A       1%          1
 Vampiric Draining        Necr           19%        2d8       3%          3
 Agony                    Necr           39%        N/A       34%         5
 Excruciating Wounds      Necr           19%        N/A       34%         5
 Apportation              Tloc           0%         N/A       75%         1
 Corona                   Hex            0%         N/A       75%         1
 Sandblast                Erth           0%         2d4       75%         1
 Summon Small Mammal      Summ           0%         N/A       75%         1
 Ensorcelled Hibernation  Hex/Ice        0%         N/A       86%         2
 Passwall                 Tmut/Erth      0%         N/A       86%         2
 Static Discharge         Conj/Air       0%         N/A       86%         2
 Ozocubu's Armour         Ice            0%         N/A       98%         3
 Spider Form              Tmut/Pois      0%         N/A       98%         3
 Stone Arrow              Conj/Erth      0%         3d7       98%         3
 Animate Armour           Summ/Erth      0%         N/A       100%        4
 Hailstorm                Conj/Ice       0%         3d3       100%        4
 Blade Hands              Tmut           0%         N/A       100%        5
 Irradiate                Conj/Tmut      0%         3d14      100%        5
 Lee's Rapid Deconstruct  Erth           0%         3d5*      100%        5
 Lightning Bolt           Conj/Air       0%         1d11      100%        5
 Iron Shot                Conj/Erth      0%         9d1       100%        6
 Shadow Creatures         Summ           N/A        N/A       100%        6
 Dragon Form              Tmut           0%         N/A       100%        7
 Ozocubu's Refrigeration  Ice            0%         4d5       100%        7
 Spellforged Servitor     Conj/Summ      0%         N/A       100%        7
 Lehudib's Crystal Spear  Conj/Erth      0%         10d2      100%        8
 Maxwell's Capacitive Co  Air            0%         ∞         100%        8


Dungeon Overview and Level Annotations

Branches:
Dungeon (11/15)            Temple (1/1) D:6            Lair (1/6) D:11
    Orc (2/2) D:11
    Elf: Orc:2

Altars:
Ashenzari
Gozag
Hepliaklqana
Makhleb
Okawaru
Qazlal
Sif Muna
Trog
Uskayaw
Vehumet
Wu Jian
Yredelemnul
The Shining One

Shops:
D:3 [   D:4 !   D:6 ([*

Portals:
Ice
Cave: Lair:1


Innate Abilities, Weirdness & Mutations

You have a pair of horns on your head.
A powerful demonic guardian rushes to your aid.
You have an extremely huge brain. (Int +4)


Message History

The rime drake breathes ice at you. The flash freeze hits you.
* * * LOW HITPOINT WARNING * * *
You are encased in ice.
Unknown command.
Okay, then.
You hit the rime drake. You headbutt the rime drake.
The rime drake is almost dead.
The rime drake bites you.
* * * LOW HITPOINT WARNING * * *
The rime drake bites you but does no damage.
You barely miss the rime drake.
The rime drake is almost dead.
You block the rime drake's attack.
You closely miss the rime drake. Your headbutt misses the rime drake.
The rime drake is almost dead.
The rime drake barely misses you.
Unknown command.
You hit the rime drake.
The rime drake is almost dead.
The ice encasing you melts away.
The rime drake bites you but does no damage.
You closely miss the rime drake. You headbutt the rime drake.
You kill the rime drake!
Okawaru accepts your kill.
Unknown command.
You see here a rime drake corpse.
A boulder beetle comes into view.
Found a stone staircase leading down.
The boulder beetle curls into a ball and begins rolling!
Found a frozen archway.
Okay, then.
Okay, then.
Blink to where?
Press: ? - help, Dir - move target
Found a potion of attraction and a human corpse.
As you read the scroll of blinking, it crumbles to dust.
The boulder beetle hits you!!!
Ouch! That really hurt!
You die...

##.P#.≈#.... #P...≈#≈..#
#...#≈...# #..≈.....# .
#......§∩#≈..
##....#####≈.## ##..
#######P.°...≈≈≈≈≈.P##....
........°...........#.....
.†.!...○#@##..#...........
......?.B..#††............
#######....#..............
>..##................
......##..$............
#......# ##..............
#......# ##$............
#......# #.............
#...... #(#............


You could see a boulder beetle (rolling).

Vanquished Creatures
  Erolcha (Orc:1)
  A centaur warrior (D:8)
  An orc knight (D:11)
  An elephant (D:11)
  2 centaur zombies
  3 kobold demonologists
  2 rime drakes (Lair:1)
  2 trolls (D:10)
  2 slime creatures (D:7)
  Sigmund (D:3)
  6 yaks
  A shadow (D:11)
  A wyvern (D:9)
  2 vampire mosquitoes (D:11)
  A steam dragon (D:8)
  6 water moccasins
  3 acid dragons
  A sky beast (D:8)
  5 orc warriors
  3 ice beasts
  3 black bears
  4 centaurs
  5 ogres (Orc:1)
  A necrophage (D:4)
  A phantom (D:6)
  4 kobold brigands
  3 bullfrogs
  4 scorpions
  2 wyvern zombies
  2 wights (D:9)
  3 howler monkeys
  An electric eel (Lair:1)
  2 hounds
  7 orc priests
  2 gnoll shamans
  5 jellies
  2 centaur skeletons
  Jessica (D:3)
  Terence (D:3)
  5 iguanas
  19 orc wizards
  2 hound skeletons
  A howler monkey zombie (D:8)
  6 gnolls
  6 adders
  A white imp (D:5)
  4 dart slugs
  51 orcs
  6 bats
  12 endoplasms
  4 giant cockroaches (D:1)
  6 goblins
  9 hobgoblins
  2 quokkas
  4 ball pythons
  4 frilled lizards
  12 kobolds
  7 rats
259 creatures vanquished.

Vanquished Creatures (collateral kills)
  A two-headed ogre (D:8)
  Nergalle (D:11)
  Pikel (D:7)
  A troll (Orc:1)
  A basilisk (D:11)
  2 wraiths (D:10)
  3 orc warriors
  An ogre (D:5)
  2 centaurs (D:11)
  A lemure (D:7)
  Blork the orc (D:4)
  2 howler monkeys (D:7)
  2 wights (D:9)
  3 orc priests
  Crazy Yiuf (D:3)
  A centaur skeleton (D:7)
  5 orc wizards
  A hound skeleton (D:3)
  5 gnolls (D:7)
  6 orcs
  An endoplasm (D:4)
  A goblin (D:4)
43 creatures vanquished.

Vanquished Creatures (others)
  A rat (D:1)
  A butterfly (Lair:1)
  11 fungi
  3 plants
  4 toadstools (D:7)
20 creatures vanquished.

Grand Total: 322 creatures vanquished

Notes
Turn   | Place    | Note
-------+----------+-------------------------------------------
     0 | D:1      | Sharkman1231 the Demonspawn Wanderer began the quest for
                  | the Orb.
     0 | D:1      | Sharkman1231 set off with the following items: a +2 dagger,
                  | a potion of haste, a +0 short sword, a piece from Xom's
                  | chessboard (15/15), a +0 robe
     0 | D:1      | Reached XP level 1. HP: 21/21 MP: 1/1
   395 | D:1      | Gained mutation: A weak demonic guardian rushes to your
                  | aid. [demonic ancestry]
   395 | D:1      | Reached XP level 2. HP: 19/27 MP: 2/2
  1390 | D:2      | Gained mutation: A demonic guardian rushes to your aid.
                  | [demonic ancestry]
  1390 | D:2      | Reached XP level 3. HP: 30/34 MP: 3/3
  1787 | D:2      | Reached skill level 1 in Dodging
  2153 | D:2      | Found a faded altar of an unknown god.
  2507 | D:3      | Reached XP level 4. HP: 30/40 MP: 4/4
  2528 | D:3      | Found Vufeqy's Armour Shoppe.
  2734 | D:3      | You fall into a shaft and drop 2 floors!
  2734 | D:5      | Entered Level 5 of the Dungeon
  2734 | D:5      | Noticed a centaur warrior zombie
  2807 | D:4      | Found an iron altar of Okawaru.
  2818 | D:4      | Became a worshipper of Warmaster Okawaru
  2828 | D:4      | Learned a level 1 spell: Pain
  2989 | D:3      | Noticed Terence
  2991 | D:3      | Noticed Jessica
  3031 | D:3      | Killed Jessica
  3032 | D:3      | Reached skill level 1 in Necromancy
  3032 | D:3      | Reached XP level 5. HP: 18/47 MP: 5/5
  3032 | D:3      | Killed Terence
  3401 | D:3      | Found a basalt altar of Yredelemnul.
  3431 | D:3      | Found a runed translucent door.
  3432 | D:3      | Noticed Crazy Yiuf
  3652 | D:3      | Noticed Sigmund
  3665 | D:3      | Paralysed by something for 4 turns
  3672 | D:3      | Killed Sigmund
  3673 | D:3      | Reached skill level 2 in Necromancy
  3673 | D:3      | Gained mutation: You have an unusually large brain. (Int
                  | +2) [demonic ancestry]
  3673 | D:3      | Reached XP level 6. HP: 22/53 MP: 6/6
  3984 | D:3      | Reached skill level 3 in Necromancy
  4343 | D:3      | Killed Crazy Yiuf
  4573 | D:4      | Reached * piety under Okawaru
  4872 | D:4      | Found Cyulon's Distillery.
  4885 | D:4      | Bought a potion of degeneration for 12 gold pieces
  4885 | D:4      | Bought a potion of lignification for 36 gold pieces
  5055 | D:4      | Noticed Blork the orc
  5077 | D:4      | Killed Blork the orc
  5078 | D:4      | Reached skill level 4 in Necromancy
  5196 | D:4      | Gained mutation: You have a pair of small horns on your
                  | head. [demonic ancestry]
  5196 | D:4      | Reached XP level 7. HP: 15/59 MP: 7/7
  5464 | D:4      | Reached skill level 1 in Invocations
  5612 | D:4      | Reached skill level 1 in Maces & Flails
  5869 | D:5      | Reached ** piety under Okawaru
  5870 | D:5      | Reached skill level 5 in Necromancy
  6256 | D:5      | Reached skill level 6 in Necromancy
  6256 | D:5      | Gained mutation: A powerful demonic guardian rushes to your
                  | aid. [demonic ancestry]
  6256 | D:5      | Reached XP level 8. HP: 59/67 MP: 8/10
  6477 | D:5      | Found a hide-covered altar of Uskayaw.
  7249 | D:5      | Found a shimmering blue altar of Sif Muna.
  7557 | D:6      | Found Qoekiam's General Store.
  7733 | D:6      | Found Mated Vei's Armour Shoppe.
  7747 | D:6      | Reached skill level 7 in Necromancy
  7750 | D:6      | Found a staircase to the Ecumenical Temple.
  7774 | D:6      | Reached *** piety under Okawaru
  7912 | D:6      | Identified the +0 robe of the Lute {rC+}
  7984 | D:6      | Reached XP level 9. HP: 74/74 MP: 12/12
  8029 | D:6      | Found Quysie's Antique Weapon Boutique.
  8093 | D:6      | Found a bloodstained altar of Trog.
  8670 | D:7      | Found an opulent altar of Gozag.
  8715 | D:7      | Reached skill level 5 in Invocations
  9036 | D:7      | Noticed Pikel
  9041 | D:7      | Killed Pikel
  9042 | D:7      | Reached skill level 5 in Dodging
  9194 | Temple   | Entered the Ecumenical Temple
  9252 | D:7      | Reached skill level 8 in Necromancy
  9264 | D:7      | Reached **** piety under Okawaru
 10719 | D:8      | Noticed a centaur warrior
 10734 | D:8      | Killed a centaur warrior
 10735 | D:8      | Reached skill level 9 in Necromancy
 10735 | D:8      | Gained mutation: You have an extremely huge brain. (Int +4)
                  | [demonic ancestry]
 10735 | D:8      | Reached XP level 10. HP: 48/82 MP: 14/14
 11759 | D:8      | Noticed a two-headed ogre
 11760 | D:8      | Identified a scroll of acquirement
 11817 | D:8      | Killed a two-headed ogre
 11817 | D:8      | Reached ***** piety under Okawaru
 11817 | D:8      | Received a gift from Okawaru
 12346 | D:8      | Reached skill level 5 in Maces & Flails
 12367 | D:8      | Reached skill level 10 in Necromancy
 12778 | D:8      | Acquired a +4 ring of protection
 13029 | D:9      | Found a radiant altar of Vehumet.
 13581 | D:9      | Found an ornate altar of the Wu Jian Council.
 13973 | D:9      | Got the Papyrus of Arcane Weapons
 14230 | D:10     | Entered Level 10 of the Dungeon
 14304 | D:10     | Found a burning altar of Makhleb.
 14333 | D:10     | Found a broken altar of Ashenzari.
 14578 | D:10     | Found a stormy altar of Qazlal.
 14730 | D:10     | Found a hazy altar of Hepliaklqana.
 15313 | D:11     | Noticed an elephant
 15314 | D:11     | Found a staircase to the Lair.
 15327 | D:11     | Received a gift from Okawaru
 15328 | D:11     | Gained mutation: You have a pair of horns on your head.
                  | [demonic ancestry]
 15328 | D:11     | Reached XP level 11. HP: 74/89 MP: 15/15
 15640 | D:11     | Reached skill level 11 in Necromancy
 15975 | D:11     | Found a staircase to the Orcish Mines.
 16024 | D:11     | Noticed a boulder beetle
 16190 | Orc:1    | Entered Level 1 of the Orcish Mines
 16190 | Orc:1    | Noticed Nergalle
 16190 | Orc:1    | Noticed an orc knight
 16222 | D:11     | Killed an orc knight
 16522 | D:11     | Killed Nergalle
 17119 | Orc:1    | Reached skill level 10 in Fighting
 17433 | Orc:1    | Noticed Erolcha
 17780 | Orc:1    | Killed Erolcha
 17897 | Orc:2    | Entered Level 2 of the Orcish Mines
 18010 | Orc:2    | Noticed an orc knight
 18447 | D:11     | HP: 4/90 [poisoned by a kobold brigand]
 18448 | D:10     | HP: 1/90 [poisoned by a kobold brigand]
 19218 | Lair:1   | Entered Level 1 of the Lair of Beasts
 19322 | Lair:1   | Received a gift from Okawaru
 19383 | Lair:1   | Reached skill level 5 in Shields
 19513 | Lair:1   | Noticed a boulder beetle
 19515 | Lair:1   | Found a frozen archway.
 19522 | Lair:1   | Annihilated by a boulder beetle

Illustrated notes

Levels and vault maps discovered:
D:1:      elethiomel_arrival_quiet, layout_basic, lemuel_another_geyser
D:2:      layout_loops_ring, shapermc_ecumenical_altar_mp_vishouse,
          grunt_decor_junction
D:3:      layout_rooms, nicolae_tso_carved_into_rock,
          mainiacjoe_overflow_concentric_impassable, serial_shops,
          nicolae_shop_trees, minmay_joined_circles, uniq_terence, uniq_sigmund,
          uniq_crazy_yiuf_cottage, uniq_jessica
D:4:      layout_basic, old_standard_altar, serial_shops, shop,
          uniq_blork_the_orc
D:5:      layout_basic, nicolae_uskayaw_murder_on_the_dancefloor,
          mainiacjoe_overflow_chevrons, minmay_misc_feat_secret_circle
D:6:      layout_rooms, trog_butcher_becter, minmay_temple_entry_large_hall,
          serial_shops, nicolae_stop_n_shop_2,
          nicolae_shop_competitors_out_of_business, shop
D:7:      cheibrodos_fertilizer, layout_cave_pools, nicolae_gozag_seed_capital,
          uniq_pikel
D:8:      minmay_razor_zed, layout_cave_pods
D:9:      layout_basic, mainiacjoe_overflow_boulevard,
          mainiacjoe_overflow_catwalk
D:10:     layout_irregular_city, kennysheep_mini_moat,
          mainiacjoe_overflow_two_lobes, nicolae_qazlal_general_emergency
D:11:     layout_loops_corners, david_lair_generic, david_orc_4,
          nicolae_blasting_shop
Temple:   jpeg_temple_island
Lair:1:   layout_gridlike, portal_ice_cave_rime, nzn_sisyphean_effort,
          lemuel_fruit_tree, grunt_megastairs_2, serial_bayou_shore_b,
          lemuel_fruit_fields, serial_bayou_shore_b
Orc:1:    layout_diamond_mine, uniq_nergalle, uniq_erolcha
Orc:2:    pf_orc_diabolical, layout_caves

Skill      XL: |  1  2  3  4  5  6  7  8  9 10 11 |
---------------+----------------------------------+-----
Dodging        | 1 2 3 4 5 6 8 |  8.0
Fighting       | 6 7 8 9 10 | 10.0
Necromancy     | 1 2 4 6 7 9 10 11 | 11.0
Invocations    | 3 4 6 |  6.0
Maces & Flails | 2 3 4 5 7 |  7.5
Shields        | 2 5 |  5.3
Short Blades   | |  1.2
Long Blades    | |  1.0
Stealth        | |  1.0
Evocations     | |  1.0

Action                   |  1- 3 |  4- 6 |  7- 9 | 10-12 || total
-------------------------+-------+-------+-------+-------++-------
Melee: Dagger            |   150 |    10 |       |       ||   160
       Whip              |       |   141 |   301 |   532 ||   974
       Headbutt          |       |       |    89 |   148 ||   237
Invok: Heroism           |       |     1 |       |     3 ||     4
Evoke: Wand              |       |       |       |     9 ||     9
  Use: Potion            |       |     4 |       |     2 ||     6
       Scroll            |       |     6 |     5 |    10 ||    21
 Stab: Sleeping          |     4 |     1 |     4 |     2 ||    11
       Invisible         |       |     1 |       |       ||     1
       Paralysed         |       |       |       |     2 ||     2
Armor: Robe              |    50 |    48 |    93 |     5 ||   196
       Acid dragon scale |       |       |       |   190 ||   190
       Steam dragon scal |       |       |       |     8 ||     8
Dodge: Dodged            |    94 |    98 |   203 |   314 ||   709
Block: Kite shield       |       |       |       |   194 ||   194
